 Dungeon Crawl Stone Soup version 0.31.0-11-ge490571c62 (webtiles) character file.

Game seed: 1281086689668726746

4 Flugkiller the Chiller (level 1, 0/9 HPs)
             Began as a Vine Stalker Ice Elementalist on Feb 3, 2024.
             Slain by a ribbon worm (4 damage)
             ... on level 3 of the Dungeon.
             The game lasted 00:00:48 (223 turns).

Flugkiller the Chiller (VSIE)                        Turns: 223, Time: 00:00:49

Health: 0/9        AC:  2    Str: 10    XL:     1   Next: 60%
Magic:  0/4        EV: 12    Int: 15    God:
Gold:   24         SH:  0    Dex: 14    Spells: 3/4 levels left

rFire   . . .        g - +0 dagger
rCold   . . .        (no shield)
rNeg    . . .        a - +0 robe
rPois   .            (no helmet)
rElec   .            (no cloak)
rCorr   .            (no gloves)
SInv    .            (no boots)
Will    .....        (no amulet)
Stlth   ++           (no ring)
HPRegen 1.01/turn    (no ring)
MPRegen 0.09/turn

%: guardian spirit
@: no status effects
A: fangs 2, regeneration 1, magic shield, antimagic bite, no potion heal 2
a: no special abilities


You were on level 3 of the Dungeon.
You visited 1 branch of the dungeon, and saw 3 of its levels.

You collected 24 gold pieces.

Inventory:

Hand Weapons
 g - a +0 dagger (weapon)
   (You took it off a goblin on level 3 of the Dungeon)
Armour
 a - a +0 robe (worn)
Scrolls
 d - a scroll of teleportation {unknown}
 e - a scroll of silence {unknown}
Potions
 b - a potion of magic
 c - a potion of curing {unknown}
 f - a potion of brilliance {unknown}


   Skills:
 - Level 1.5 Dodging
 - Level 2.4 Stealth
 + Level 2.3 Spellcasting
 + Level 4.1 Ice Magic


You had 3 spell levels left.
You knew the following spells:

 Your Spells              Type           Power      Damage    Failure   Level
a - Freeze                Ice            56%        1d7       4%          1

Your spell library contained the following spells:

 Spells                   Type           Power      Damage    Failure   Level
 Frozen Ramparts          Ice            28%        1d5       12%         3
 Ozocubu's Armour         Ice            14%        N/A       12%         3
 Magic Dart               Conj           4%         1d3       22%         1
 Sting                    Conj/Alch      4%         1d3       22%         1
 Summon Ice Beast         Ice/Summ       7%         N/A       28%         3
 Blink                    Tloc           2%         N/A       32%         2
 Call Imp                 Summ           2%         N/A       32%         2
 Mercury Vapours          Alch/Air       2%         N/A       32%         2
 Olgreb's Toxic Radiance  Alch           1%         N/A       91%         4


Dungeon Overview and Level Annotations

Branches:
Dungeon (3/15) Zot: 17777

Altars:


Innate Abilities, Weirdness & Mutations

You have extremely sharp teeth.
Your natural rate of healing is unusually fast.
When hurt, damage is shared between your health and your magic reserves.
Your bite disrupts and absorbs the magic of your enemies.
Potions cannot restore your health.


Message History

d - a scroll labelled ZIETYDDEME
Casting: Freeze (safe; 4% risk of failure)
Confirm with . or Enter, or press ? or * to list all spells.
Aiming: Freeze (safe; 4% risk of failure)
Press: ? - help, Shift-Dir - straight line, f - goblin
Aim: a goblin, wielding a +0 club (asleep)
You freeze the goblin.
You kill the goblin!
Things that are here:
a +0 club; a goblin corpse
Found a scroll labelled YWNI WA AFEL.
Found a stone staircase leading down.
e - a scroll labelled YWNI WA AFEL
There is a stone staircase leading down here.
You climb downwards.
There is a stone staircase leading up here.
Found 10 gold pieces.
Found a dark potion.
A ball python comes into view.
You see here 10 gold pieces.
Unknown command.
You now have 24 gold pieces (gained 10).
f - a dark potion
Found a stone staircase leading down.
There is a stone staircase leading down here.
You climb downwards.
There is a stone staircase leading up here.
Found a robe.
A goblin comes into view. It is wielding a +0 dagger.
A goblin is nearby!
A goblin is nearby!
The goblin shouts!
You see here a +0 robe.
You barely miss the goblin. Your bite misses the goblin.
The goblin hits you with a +0 dagger.
Casting: Freeze (safe; 4% risk of failure)
Confirm with . or Enter, or press ? or * to list all spells.
Aiming: Freeze (safe; 4% risk of failure)
Press: ? - help, Shift-Dir - straight line, f - goblin
Aim: a goblin, wielding a +0 dagger You freeze the goblin.
The goblin is moderately wounded.
The goblin hits you but does no damage.
Casting: Freeze (safe; 4% risk of failure)
Confirm with . or Enter, or press ? or * to list all spells.
Aiming: Freeze (safe; 4% risk of failure)
Press: ? - help, Shift-Dir - straight line, f/p - goblin
Aim: a goblin, wielding a +0 dagger (moderately wounded)
You freeze the goblin.
You kill the goblin!
You see here a +0 dagger.
g - a +0 dagger (weapon)
A ribbon worm comes into view.
A ribbon worm is nearby!
Unknown command.
An endoplasm comes into view.
The ribbon worm expels a string of sticky webbing.
The stream of webbing hits you but does no damage.
You are caught in a web!
There is a web here.
The web tears apart.
Casting: Freeze (safe; 4% risk of failure)
Confirm with . or Enter, or press ? or * to list all spells.
Aiming: Freeze (safe; 4% risk of failure)
Press: ? - help, Shift-Dir - straight line, f - endoplasm
Aim: an endoplasm You freeze the endoplasm!
You kill the endoplasm!
Casting: Freeze (safe; 4% risk of failure)
Confirm with . or Enter, or press ? or * to list all spells.
Aiming: Freeze (safe; 4% risk of failure)
Press: ? - help, Shift-Dir - straight line, f - ribbon worm
Aim: a ribbon worm You freeze the ribbon worm!
The ribbon worm is moderately wounded.
The ribbon worm bites you.
You barely miss the ribbon worm.
The ribbon worm is moderately wounded.
The ribbon worm expels a string of sticky webbing.
The stream of webbing misses you.
You hit the ribbon worm.
The ribbon worm is moderately wounded.
You hit the ribbon worm. You bite the ribbon worm. You drain its power.
You feel invigorated.
The ribbon worm is heavily wounded.
The ribbon worm closely misses you.
You hit the ribbon worm.
You bite the ribbon worm, but do no damage.
The ribbon worm is severely wounded.
The ribbon worm bites you!
Ouch! That really hurt!
Casting: Freeze (safe; 4% risk of failure)
Confirm with . or Enter, or press ? or * to list all spells.
Aiming: Freeze (safe; 4% risk of failure)
Press: ? - help, Shift-Dir - straight line, f/p - ribbon worm
Aim: a ribbon worm (severely wounded, catching its breath)
You freeze the ribbon worm.
The ribbon worm is severely wounded.
The ribbon worm bites you.
You die...

# # # # # # #
#######.### #
#.w........ #
#@##......# # #.#
...w... # #.#
.##.... # #.# .#
... # #.# .# ..
#.# .. .
################.#
.#
.....[...........#
##################


You could see a ribbon worm (catching breath).

Vanquished Creatures
  An endoplasm (D:3)
  2 goblins
3 creatures vanquished.

Notes
Turn   | Place    | Note
-------+----------+-------------------------------------------
     0 | D:1      | Flugkiller the Vine Stalker Ice Elementalist began the
                  | quest for the Orb.
     0 | D:1      | Reached XP level 1. HP: 9/9 MP: 4/4
   223 | D:3      | Slain by a ribbon worm

Illustrated notes

Levels and vault maps discovered:
D:1:      dpeg_arrival_chambers_temple_mockup, layout_loops_ring,
          minmay_ruptured
D:2:      layout_basic, ebering_ecumenical_altar_mist
D:3:      layout_basic

Action                     || total
---------------------------++-------
  Melee: Dagger            ||     4
         Bite              ||     2
         Unarmed           ||     1
   Cast: Freeze            ||     6
 Armour: Robe              ||     5
  Dodge: Dodged            ||     2
